 Dungeon Crawl Stone Soup version 0.31-a0-879-g1609e0ac53 (webtiles) character file.

Game seed: 3351515462211765406

100 gruber the Digger (level 4, 0/33 HPs)
             Began as a Demigod Earth Elementalist on Oct 14, 2023.
             Slain by an ice beast (6 damage)
             ... on level 3 of the Dungeon.
             The game lasted 00:02:16 (2223 turns).

gruber the Digger (Demigod Earth Elementalist)      Turns: 2223, Time: 00:02:17

Health: 0/33       AC:  3    Str:  9    XL:     4   Next: 23%
Magic:  4/9        EV: 12    Int: 21    God:
Gold:   76         SH:  0    Dex: 14    Spells: 2/6 levels left

rFire   . . .        n - +1 mace (protect)
rCold   . . .        (no shield)
rNeg    . . .        a - +0 robe
rPois   .            (no helmet)
rElec   .            (no cloak)
rCorr   .            (no gloves)
SInv    .            m - +0 pair of boots
Will    .....        (no amulet)
Stlth   ++           (no ring)
HPRegen 0.25/turn    (no ring)
MPRegen 0.11/turn

%: no passive effects
@: no status effects
A: high MP 1, forlorn, divine attributes
a: no special abilities


You were on level 3 of the Dungeon.
You visited 1 branch of the dungeon, and saw 3 of its levels.

You collected 76 gold pieces.

Inventory:

Hand Weapons
 n - a +1 mace of protection (weapon)
Missiles
 q - 2 curare-tipped darts
Armour
 a - a +0 robe (worn)
 m - a +0 pair of boots (worn)
Jewellery
 h - a ring of ice
Wands
 p - a wand of roots (3)
Scrolls
 c - a scroll of teleportation {unknown}
 d - a scroll of fear {unknown}
 g - 3 scrolls of identify {unknown}
 i - a scroll of enchant armour {unknown}
 k - a scroll of blinking {unknown}
 l - a scroll of immolation {unknown}
Potions
 b - a potion of magic
 e - 3 potions of brilliance {unknown}
 f - 2 potions of heal wounds {unknown}
 j - 2 potions of curing {unknown}
 o - a potion of invisibility {unknown}


   Skills:
 - Level 1.7 Dodging
 - Level 1.7 Stealth
 - Level 1.7 Spellcasting
 - Level 0.8 Transmutations
 + Level 4.8 Earth Magic


You had 2 spell levels left.
You knew the following spells:

 Your Spells              Type           Power      Damage    Failure   Level
a - Sandblast             Erth           44%        2d11      1%          1
b - Stone Arrow           Conj/Erth      24%        3d8       17%         3

Your spell library contained the following spells:

 Spells                   Type           Power      Damage    Failure   Level
 Passwall                 Tmut/Erth      10%        N/A       7%          2
 Petrify                  Tmut/Erth      13%        N/A       43%         4
 Brom's Barrelling Bould  Conj/Erth      12%        2d4       50%         4


Dungeon Overview and Level Annotations

Branches:
Dungeon (3/15)


Innate Abilities, Weirdness & Mutations

You have an increased reservoir of magic. (+10% MP)
You shall have no god before yourself.
Your divine heritage dramatically boosts your attributes as you level up.


Message History

An endoplasm and a bat come into view.
There is an open door here.
There are monsters nearby!
There are monsters nearby!
The bat barely misses you.
The endoplasm jiggles.
The blast of sand hits the bat!
You kill the bat!
The endoplasm freezes you.
You are frozen.
The blast of sand hits the endoplasm!
You kill the endoplasm!
You can't see any susceptible monsters within range! (Use Z to cast anyway.)
You can't see any susceptible monsters within range! (Use Z to cast anyway.)
You can't see any susceptible monsters within range! (Use Z to cast anyway.)
You see here 2 curare-tipped darts.
You see here 2 curare-tipped darts.
q - 2 curare-tipped darts An ice beast comes into view.
An ice beast is nearby!
An ice beast is nearby!
An ice beast is nearby!
The blast of sand hits the ice beast.
The ice beast is lightly wounded.
The blast of sand hits the ice beast but does no damage.
The ice beast is lightly wounded.
The blast of sand hits the ice beast.
The ice beast is moderately wounded.
The ice beast misses you. The ice beast hits you. The ice beast freezes you!
The blast of sand hits the ice beast!
The ice beast is severely wounded.
The ice beast hits you but does no damage.
The blast of sand hits the ice beast.
The ice beast is severely wounded.
The ice beast hits you. The ice beast freezes you!
* * * LOW HITPOINT WARNING * * *
The ice beast hits you.
* * * LOW HITPOINT WARNING * * *
The ice beast freezes you.
You die...

....###..†.......#
....# #..........#
....# #..........#
....#
#..........#######
....#
#.................
....#
#.................
....#
#.................
....#
##########........
#@.......
#Y.......
#........
#........
#........
#........
#........
#........


You could see an ice beast.

Vanquished Creatures
  3 adders
  3 worms
  A dart slug (D:1)
  7 bats
  5 endoplasms
  3 giant cockroaches
  5 goblins
  3 hobgoblins
  5 jackals
  7 kobolds
  A quokka (D:1)
  6 ball pythons
  2 frilled lizards (D:2)
  9 rats
60 creatures vanquished.

Notes
Turn   | Place    | Note
-------+----------+-------------------------------------------
     0 | D:1      | gruber the Demigod Earth Elementalist began the quest for
                  | the Orb.
     0 | D:1      | Reached XP level 1. HP: 14/14 MP: 5/5
    61 | D:1      | Reached skill level 3 in Earth Magic
   245 | D:1      | Reached XP level 2. HP: 20/20 MP: 2/7
  1029 | D:1      | Reached XP level 3. HP: 26/26 MP: 3/8
  1148 | D:2      | Reached skill level 4 in Earth Magic
  1843 | D:3      | Learned a level 3 spell: Stone Arrow
  1956 | D:3      | Reached XP level 4. HP: 33/33 MP: 7/9
  2216 | D:3      | Noticed an ice beast
  2223 | D:3      | Slain by an ice beast

Illustrated notes

Levels and vault maps discovered:
D:1:      minmay_arrival_semitransparent, layout_basic, minmay_split_cup_large
D:2:      layout_rooms
D:3:      layout_basic

Skill      XL: |  1  2  3 |
---------------+----------+-----
Earth Magic    | 3 4 |  4.8
Dodging        | |  1.7
Stealth        | |  1.7
Spellcasting   | |  1.7
Transmutations | |  0.8

Action                     |  1- 3 |  4- 6 || total
---------------------------+-------+-------++-------
  Melee: Unarmed           |     2 |       ||     2
   Cast: Sandblast         |    77 |    19 ||    96
 Armour: Robe              |    13 |     7 ||    20
  Dodge: Dodged            |    24 |     6 ||    30

Table legend: (Time is in decaauts)
 A = Elapsed time spent in this place.
 B = Non-inter-level travel time spent in this place.
 C = Inter-level travel time spent in this place.
 D = Time resting spent in this place.
 E = Time spent auto-exploring this place.
 F = Levels seen in this place.
 G = Mean time per level.
                   A        B        C        D        E       F      G
               +--------+--------+--------+--------+--------+-----+--------+
         Total |   2268 |   2198 |     70 |      0 |   1865 |   3 |  756.0 |
       Dungeon |   2268 |   2198 |     70 |      0 |   1865 |   3 |  756.0 |
               +--------+--------+--------+--------+--------+-----+--------+

Top non-repeatable levels by time:
     D:1: 1165 daAuts
     D:2: 644 daAuts
     D:3: 459 daAuts
